[Event "*** Titled Tuesday 3|2 Blitz"]
[Site "Chess.com"]
[Date "2015.04.07"]
[Round "1"]
[White "jup1978"]
[Black "Dlugy"]
[Result "0-1"]
[WhiteElo "2147"]
[BlackElo "2499"]
[TimeControl "180+2"]
[EndTime "11:02:11 PDT"]
[Termination "Dlugy won by resignation"]

1. e4 d5 2. exd5 Qxd5 3. Nc3 Qd6 4. d4 c6 5. Bc4 Nf6 6. Nge2 Bf5 7. Bf4 Qb4 8. Bb3 e6 9. Qd2 Nbd7 10. a3 Qa5 11. O-O-O Bxa3 12. bxa3 Qxa3+ 13. Kb1 Qxb3+ 14.
Kc1 Qa3+ 15. Kb1 Nb6 16. Qc1 Nc4 17. Qxa3 Nxa3+ 18. Kb2 Nxc2 19. f3 Nb4 20. Bd6 Nd3+ 21.
Kb3 Nf2 0-1

[Event "*** Titled Tuesday 3|2 Blitz"]
[Site "Chess.com"]
[Date "2015.04.07"]
[Round "1"]
[White "DrHolmes13"]
[Black "megarompa"]
[Result "0-1"]
[WhiteElo "2223"]
[BlackElo "2685"]
[TimeControl "180+2"]
[EndTime "11:03:23 PDT"]
[Termination "megarompa won by checkmate"]

1. d4 Nf6 2. c4 e6 3. Nf3 Bb4+ 4. Bd2 c5 5. a3 Bxd2+ 6. Qxd2 cxd4 7. Qxd4 O-O 8. Nc3 Nc6 9. Qd1 b6 10. e3 Bb7 11.
Be2 Rc8 12. O-O Na5 13. Nd2 d5 14. cxd5 Nxd5 15. Nxd5 Bxd5 16. Bf3 Bxf3 17. Nxf3 Qxd1 18. Rfxd1 Rc2 19. Rd2 Rxd2 20. Nxd2 Rd8 21. Rc1 h6 22. Nf3 b5 23. Nd4 a6 24. b3 e5 25. Nc6 Nxc6 26.
Rxc6 Rd1# 0-1

[Event "*** Titled Tuesday 3|2 Blitz"]
[Site "Chess.com"]
[Date "2015.04.07"]
[Round "1"]
[White "Zvonokchess"]
[Black "Recombinant"]
[Result "1-0"]
[WhiteElo "2486"]
[BlackElo "2136"]
[TimeControl "180+2"]
[EndTime "11:03:50 PDT"]
[Termination "Zvonokchess won by resignation"]

1. e4 e5 2. Nf3 Nc6 3. Nc3 Nf6 4. Be2 Bc5 5. Nxe5 Bxf2+ 6. Kxf2 Nxe5 7. d4 Ng6 8. e5 Ng8 9. Rf1 d6 10. exd6 Qxd6 11.
Kg1 c6 12. Bc4 Nf6 13. Bg5 O-O 14. Bxf6 gxf6 15. Ne4 Qb4 16. Nxf6+ Kg7 17. Qh5 Rh8 18. Ne8+ Kf8 19. Bxf7 Qxd4+ 20. Kh1 Nf4 21. Qh6+ Kxf7 22. Rxf4+ Qxf4 23. Qxf4+ 1-0

[Event "*** Titled Tuesday 3|2 Blitz"]
[Site "Chess.com"]
[Date "2015.04.07"]
[Round "1"]
[White "BjarkeSahl"]
[Black "1stSecond"]
[Result "0-1"]
[WhiteElo "2042"]
[BlackElo "2375"]
[TimeControl "180+2"]
[EndTime "11:05:13 PDT"]
[Termination "1stSecond won by resignation"]

1. e4 e5 2. Nf3 Nc6 3. d4 exd4 4.
Bc4 Nf6 5. e5 Ne4 6. Bd5 Nc5 7.
c3 Ne6 8. cxd4 Bb4+ 9. Bd2 Qe7 10. a3 Bxd2+ 11. Qxd2 O-O 12. Nc3 d6 13. Be4 Na5 14.
O-O Nb3 15. Bxh7+ Kh8 16. Qc2 Nxa1 17. Rxa1 dxe5 18. dxe5 g6 19. Nd5 Qc5 20. Qd2 Kxh7 21. Nf6+ Kg7 22. Re1 Rd8 23. Qe2 Nd4 24. Nxd4 Qxd4 25.
h3 Bf5 26. g4 Be6 0-1

[Event "*** Titled Tuesday 3|2 Blitz"]
[Site "Chess.com"]
[Date "2015.04.07"]
[Round "1"]
[White "David_Klein"]
[Black "OIAM03"]
[Result "1-0"]
[WhiteElo "2351"]
[BlackElo "2001"]
[TimeControl "180+2"]
[EndTime "11:06:10 PDT"]
[Termination "David_Klein won on time"]

1. e4 c5 2. Nf3 d6 3. c3 Nc6 4. Bd3 Nf6 5. h3 e6 6. O-O Be7 7. Bc2 O-O 8. d4 Qc7 9. Bf4 cxd4 10. cxd4 e5 11. Bh2 Nxd4 12. Nxd4 exd4 13. Na3 Be6 14.
Qxd4 Rfc8 15. Bd3 Qc5 16. Qxc5 dxc5 17. Rac1 a6 18. Nc4 Bxc4 19. Bxc4 b5 20. Be2 Nxe4 21.
Rfe1 Bh4 22. g3 Bg5 23. f4 Bf6 24. Bf3 Bd4+ 25. Kg2 f5 26. b3 Re8 27. g4 Rad8 28. gxf5 Nf6 29. Bb7 a5 30. Bc6 1-0

[Event "*** Titled Tuesday 3|2 Blitz"]
[Site "Chess.com"]
[Date "2015.04.07"]
[Round "1"]
[White "zmaj23"]
[Black "kharposh"]
[Result "1-0"]
[WhiteElo "2383"]
[BlackElo "2043"]
[TimeControl "180+2"]
[EndTime "11:06:32 PDT"]
[Termination "zmaj23 won by resignation"]

1. e4 c5 2. Nf3 d6 3. d4 cxd4 4. Nxd4 Nf6 5. Nc3 g6 6. Be3 Bg7 7. f3 O-O 8. Qd2 Nc6 9. O-O-O Bd7 10. g4 Rc8 11. h4 Ne5 12. h5 Nc4 13. Bxc4 Rxc4 14.
Kb1 b5 15. Bh6 b4 16. Nd5 Rxd4 17. Qxd4 Bxh6 18. hxg6 Bg7 19. gxh7+ Kh8 20. Qxa7 Nxd5 21. Rxd5 Be6 22. Rb5 Qa8 23. Qxa8 Rxa8 24. Rxb4 Bxa2+ 25. Kc1 Be6 26. Kd2 Be5 27. Ke3 Bf6 28. Rb7 Rc8 29.
c3 Kg7 30. f4 Bxg4 31. Rg1 Kxh7 32. Rxg4 Ra8 33. Rb5 Kh6 34. e5 dxe5 35. fxe5 Bg5+ 36. Ke4 Ra1 37. c4 e6 38. c5 Rc1 39. b4 Rc4+ 40. Kf3 Rc3+ 41. Ke2 Re3+ 42. Kd1 Rxe5 43. Rb8 f5 44.
Rg2 Rd5+ 45. Kc2 Bf6 46. c6 Be5 47. c7 1-0

[Event "*** Titled Tuesday 3|2 Blitz"]
[Site "Chess.com"]
[Date "2015.04.07"]
[Round "1"]
[White "rhungaski"]
[Black "SmarterChess"]
[Result "1-0"]
[WhiteElo "2442"]
[BlackElo "2092"]
[TimeControl "180+2"]
[EndTime "11:06:58 PDT"]
[Termination "rhungaski won by resignation"]

1. d4 d6 2. c4 e5 3. Nf3 e4 4. Ng5 Nf6 5. Nc3 Bf5 6. Qc2 Qe7 7. g4 Nxg4 8. Ngxe4 Bxe4 9. Qxe4 Qxe4 10. Nxe4 f5 11. Nc3 Nc6 12. h3 Nf6 13. e3 O-O-O 14. Bg2 Nb4 15. Kd2 c6 16. a3 Na6 17. b3 g6 18. Bb2 Bg7 19. Kd3 Rhe8 20. Rac1 d5 21. cxd5 cxd5 22. Nxd5+ Kb8 23. Nxf6 Bxf6 24. h4 Be7 25. b4 Nc7 26. h5 g5 27. h6 Ne6 28.
Rc2 f4 29. d5 Nc7 30. e4 Nb5 31. e5 g4 32. Be4 Bg5 33. Rh5 Be7 34. Rf5 f3 35.
Rf7 Nc7 36. Rxc7 Kxc7 37. Rxh7 Kb8 38. Rf7 Bg5 39. h7 Rxe5 40. Bxe5+ 1-0

[Event "*** Titled Tuesday 3|2 Blitz"]
[Site "Chess.com"]
[Date "2015.04.07"]
[Round "1"]
[White "AndrewMcStone"]
[Black "grandmastergauri"]
[Result "0-1"]
[WhiteElo "1937"]
[BlackElo "2287"]
[TimeControl "180+2"]
[EndTime "11:07:13 PDT"]
[Termination "grandmastergauri won by resignation"]

1. d4 Nf6 2. c4 e6 3. Nc3 Bb4 4. f3 O-O 5. a3 Bxc3+ 6. bxc3 Ne8 7. e4 b6 8. Bd3 Ba6 9. Ne2 Nc6 10. Ng3 Na5 11. Qe2 Nd6 12. c5 Bxd3 13. Qxd3 bxc5 14. dxc5 Ndc4 15. Rb1 Qe7 16. Be3 Nxe3 17. Qxe3 Nc4 18.
Qd4 Nxa3 19. Rc1 Nb5 20. Qc4 Rfb8 21. O-O a5 22. Rb1 Na3 23. Rxb8+ Rxb8 24. Qd4 Nb5 25. Qc4 Na7 26. Rd1 h6 27. e5 Rb5 28. Ne4 Rb2 29.
h3 Nc6 30. f4 Qh4 31. Rxd7 Rb1+ 32. Kh2 Qxf4+ 33. g3 Rb2+ 0-1

[Event "*** Titled Tuesday 3|2 Blitz"]
[Site "Chess.com"]
[Date "2015.04.07"]
[Round "1"]
[White "jbj"]
[Black "ilmago"]
[Result "1-0"]
[WhiteElo "2274"]
[BlackElo "1888"]
[TimeControl "180+2"]
[EndTime "11:07:29 PDT"]
[Termination "jbj won by resignation"]

1. e4 c5 2. d4 cxd4 3. c3 dxc3 4. Nxc3 a6 5. Nf3 e6 6. Bc4 b5 7. Bb3 d6 8. O-O Nd7 9. Be3 Bb7 10. Ng5 Ngf6 11.
f4 h6 12. Nxe6 fxe6 13. Bxe6 Nc5 14. Bxc5 dxc5 15. Nd5 Bxd5 16. exd5 Qb6 17. Re1 c4+ 18.
Kh1 Be7 19. Qc2 Ra7 20. Qg6+ Kd8 21. Qxg7 Rf8 22. Rad1 Bd6 23. Qxh6 Rh7 24. Qg5 Rxh2+ 25. Kxh2 Rh8+ 26. Bh3 Rf8 27. Re6 Qc7 28. Rxf6 Rxf6 29. Qxf6+ Be7 30. Qh8+ 1-0

[Event "*** Titled Tuesday 3|2 Blitz"]
[Site "Chess.com"]
[Date "2015.04.07"]
[Round "1"]
[White "Mugzyyy"]
[Black "WanderingPuppet"]
[Result "1-0"]
[WhiteElo "2465"]
[BlackElo "2126"]
[TimeControl "180+2"]
[EndTime "11:07:30 PDT"]
[Termination "Mugzyyy won by resignation"]

1. d4 Nf6 2. c4 g6 3. g3 Bg7 4.
Bg2 O-O 5. Nc3 d6 6. Nf3 c6 7. O-O Na6 8. e4 Be6 9. d5 cxd5 10. exd5 Bd7 11. Nd4 Rc8 12. b3 Nc7 13. Bg5 h6 14.
Be3 a6 15. a4 Ng4 16. Bf4 Ne5 17.
a5 Ne8 18. h3 Nf6 19. Be3 Kh7 20. f4 Nh5 21. fxe5 dxe5 22. Nde2 e4 23. Bb6 Qe8 24. Nxe4 Bxa1 25. Qxa1 f5 26. Nc5 e5 27. Nxd7 Qxd7 28. c5 Qb5 29. Qd1 Rxc5 30. Bxc5 Qxc5+ 31. Kh2 e4 32. Qd4 Qxa5 33. d6 Rd8 34. Bxe4 Qa2 35. Bf3 Ng7 36.
Rc1 Re8 37. d7 Rxe2+ 38. Bxe2 Qxe2+ 39. Kg1 Ne6 40. d8=Q Nxd4 41. Rc7+ 1-0

[Event "*** Titled Tuesday 3|2 Blitz"]
[Site "Chess.com"]
[Date "2015.04.07"]
[Round "1"]
[White "MITerryble"]
[Black "chessloveyou"]
[Result "1-0"]
[WhiteElo "2481"]
[BlackElo "2110"]
[TimeControl "180+2"]
[EndTime "11:07:31 PDT"]
[Termination "MITerryble won by resignation"]

1. d4 Nf6 2. Nf3 g6 3. Bg5 Bg7 4. Nbd2 d5 5. c3 O-O 6. e3 Nbd7 7.
Be2 c5 8. O-O Qb6 9. Qb3 c4 10.
Qc2 Re8 11. b3 cxb3 12. axb3 Nf8 13. c4 Bf5 14. Qa2 Ne4 15. Nxe4 dxe4 16. Nd2 h6 17. Bh4 g5 18. Bg3 Ng6 19. c5 Qb4 20. Nc4 e5 21. Nd6 Be6 22. Nxe8 Rxe8 23. dxe5 Nxe5 24.
Qxa7 Nc6 25. Qb6 Qxb6 26. cxb6 Bxa1 27. Rxa1 Bxb3 28. Bb5 Re6 29. h4 Ne5 30. hxg5 Rxb6 31. Ra8+ Kh7 32. Bxe5 Rxb5 33. Rh8+ Kg6 34. Rg8+ Kh7 35.
Rg7+ Kh8 36. Bd4 Rb4 37. gxh6 Be6 38. Rxf7+ Rxd4 39. Rf8+ Kh7 40. exd4 b5 41. Rb8 Bc4 42. Rb6 1-0

[Event "*** Titled Tuesday 3|2 Blitz"]
[Site "Chess.com"]
[Date "2015.04.07"]
[Round "1"]
[White "gumersindo"]
[Black "Ar4uha"]
[Result "0-1"]
[WhiteElo "2129"]
[BlackElo "2463"]
[TimeControl "180+2"]
[EndTime "11:07:33 PDT"]
[Termination "Ar4uha won by resignation"]

1. d4 Nf6 2. c4 e6 3. Nc3 Bb4 4.
Qc2 d5 5. a3 Bxc3+ 6. Qxc3 c5 7. dxc5 d4 8. Qg3 Nc6 9. Qxg7 Rg8 10. Qh6 Rg6 11. Qh4 e5 12. Bd2 Be6 13. e3 a5 14. Nf3 Qe7 15. O-O-O Qxc5 16. exd4 exd4 17. Re1 O-O-O 18. Kb1 Bf5+ 19. Ka2 a4 20. Bg5 Rd6 21. Qf4 Bc2 22. Ne5 d3 23. Nxg6 d2 24. Bxf6 Bb3+ 0-1

[Event "*** Titled Tuesday 3|2 Blitz"]
[Site "Chess.com"]
[Date "2015.04.07"]
[Round "1"]
[White "MattyDPerrine"]
[Black "Yaacovn"]
[Result "0-1"]
[WhiteElo "2195"]
[BlackElo "2610"]
[TimeControl "180+2"]
[EndTime "11:07:50 PDT"]
[Termination "Yaacovn won by resignation"]

1. d4 Nf6 2. Nf3 e6 3. g3 b6 4. Bg2 Bb7 5. O-O Be7 6. c4 O-O 7. b3 c5 8. Bb2 d6 9. Nc3 Nc6 10. d5 exd5 11. cxd5 Nb4 12. e4 Ba6 13. Re1 Nd3 14. Re2 Nxb2 15. Rxb2 Ng4 16. Ne1 Bf6 17. Rc1 Nxf2 18. Rxf2 Bd4 19. Nf3 Bxf2+ 20. Kxf2 Qe7 21.
Qc2 Rae8 22. Re1 Qf6 23. Qd2 h6 24. Kg1 Re7 25. Re3 Rfe8 26. e5 dxe5 27. Ne4 Qg6 28. Nh4 Qg4 29. Nf2 Qd4 30. Qe1 g6 31. Nf3 Qxd5 32. Nxe5 Rxe5 33. Bxd5 Rxe3 34. Qd2 Re1+ 35. Kg2 Bf1+ 36. Kf3 R8e3+ 37. Qxe3 Bg2+ 38. Kxg2 Rxe3 39. Kf1 Rc3 40. Be4 f5 41. Bd3 Rc1+ 42. Ke2 Ra1 43. Bc4+ Kg7 44. a4 Kf6 45. Kf3 g5 46. Nd3 g4+ 47. Kg2 Ra2+ 48. Nf2 Kg5 49. Bd5 Rb2 50. Bc4 h5 51. Kf1 h4 52. Kg1 h3 53. Bd5 Rb1+ 0-1

[Event "*** Titled Tuesday 3|2 Blitz"]
[Site "Chess.com"]
[Date "2015.04.07"]
[Round "1"]
[White "DanielRensch"]
[Black "LyonBeast"]
[Result "0-1"]
[WhiteElo "2243"]
[BlackElo "2765"]
[TimeControl "180+2"]
[EndTime "11:08:06 PDT"]
[Termination "LyonBeast won by resignation"]

1. d4 Nf6 2. Nc3 d5 3. Bf4 c5 4. e3 cxd4 5. exd4 a6 6. Bd3 Nc6 7. Nce2 Bg4 8. c3 e6 9. Qc2 Bd6 10. f3 Bh5 11. a3 Bg6 12. h4 Rc8 13. g4 Bxd3 14. Qxd3 Bxf4 15. Nxf4 e5 16. dxe5 Nxe5 17. Qe2 O-O 18. O-O-O Re8 19. g5 Ng6 20. Qd2 Nxf4 21. Qxf4 Nh5 22. Qd4 Qc7 23. Nh3 Ng3 24. Rhe1 Ne2+ 25.
Rxe2 Rxe2 26. Nf4 Ree8 27. Nxd5 Qh2 28. Rd2 Qh1+ 29. Kc2 Qxf3 30. Kb3 Qe4 31. Qb6 Qc4+ 32. Kc2 Qxh4 33. Qxb7 Qxg5 34. Rd4 h5 35. Qd7 Rb8 36. Kb1 Qg6+ 37. Ka2 Kh7 38. Nf4 Qc2 39. Rb4 Rxb4 40. axb4 Re5 41. Nd3 Rg5 42. Nc5 Rg2 43. Nd3 Rg5 44.
Nc5 Qg6 45. Nxa6 Qxa6+ 0-1

[Event "*** Titled Tuesday 3|2 Blitz"]
[Site "Chess.com"]
[Date "2015.04.07"]
[Round "1"]
[White "Daniel_Fridman"]
[Black "iFrancisco"]
[Result "1-0"]
[WhiteElo "2638"]
[BlackElo "2214"]
[TimeControl "180+2"]
[EndTime "11:08:17 PDT"]
[Termination "Daniel_Fridman won by resignation"]

1. d4 d5 2. Nf3 Nf6 3. c4 e6 4. g3 Bb4+ 5. Bd2 Be7 6. Bg2 O-O 7.
O-O c6 8. Qb3 b6 9. Rc1 Ba6 10.
Ne5 Nfd7 11. cxd5 Nxe5 12. dxe5 cxd5 13. Nc3 Nd7 14. f4 Rc8 15. Be3 Bc5 16. Bxc5 Nxc5 17. Qb4 d4 18. Rd1 dxc3 19. Rxd8 Rfxd8 20. Qxc3 Bxe2 21. Qe3 Bh5 22. Rc1 a5 23. b3 Bg6 24. Bf1 Rc7 25. a3 Rcd7 26. b4 axb4 27. axb4 Nd3 28. Rd1 b5 29. Qb6 h6 30. Qxb5 Rd5 31. Qb6 Kh7 32. b5 R8d7 33. Qe3 Nxf4 34. Rxd5 Nxd5 35. Qc5 Rc7 36. Qxc7 Nxc7 37. b6 Be4 38. bxc7 Bb7 39. Kf2 Kg8 40. Ke3 Kf8 41. Kd4 Ke7 42. Bb5 f6 43. Kc5 Bc8 44. Kb6 fxe5 45. Ka7 e4 46.
Kb8 1-0

[Event "*** Titled Tuesday 3|2 Blitz"]
[Site "Chess.com"]
[Date "2015.04.07"]
[Round "1"]
[White "bugsbunny444"]
[Black "chesstatour"]
[Result "1-0"]
[WhiteElo "2292"]
[BlackElo "1960"]
[TimeControl "180+2"]
[EndTime "11:08:25 PDT"]
[Termination "bugsbunny444 won by resignation"]

1. Nf3 g6 2. e4 Bg7 3. d4 d6 4. Nc3 Nf6 5. h3 O-O 6. Be3 Nc6 7. Bb5 Bd7 8. d5 Nb8 9. Bxd7 Nbxd7 10. O-O c6 11.
Re1 Qc7 12. Qd2 Rfd8 13. Bh6 Bh8 14. Rad1 Rac8 15. Nd4 a6 16. a4 Ne5 17. Qe2 cxd5 18. exd5 Re8 19. Bc1 Qc4 20. Nb3 Qxe2 21. Rxe2 Nc4 22.
a5 Nd7 23. Na4 Nc5 24. Nbxc5 dxc5 25. Rde1 Bf6 26. Nb6 Nxb6 27. axb6 Rcd8 28. c4 Rd6 29. g4 h6 30. Bxh6 Rxb6 31. g5 Bxb2 32. Rb1 f6 33. Rexb2 Rxb2 34. Rxb2 Rb8 35. gxf6 exf6 36. Bf4 Rd8 37.
Rxb7 1-0

[Event "*** Titled Tuesday 3|2 Blitz"]
[Site "Chess.com"]
[Date "2015.04.07"]
[Round "1"]
[White "facu57"]
[Black "Tilicheev_Viacheslav"]
[Result "0-1"]
[WhiteElo "2114"]
[BlackElo "2450"]
[TimeControl "180+2"]
[EndTime "11:08:28 PDT"]
[Termination "Tilicheev_Viacheslav won by resignation"]

1. e4 c5 2. Nc3 Nc6 3. g3 Rb8 4. Bg2 b5 5. Rb1 g6 6. d3 Bg7 7. f4 d6 8. Nf3 e6 9. O-O Nge7 10.
Ne2 O-O 11. a3 a5 12. Be3 b4 13. axb4 axb4 14. b3 Bb7 15. h3 Qb6 16. Nd2 d5 17. g4 Nd4 18. Nxd4 cxd4 19. Bf2 dxe4 20. Bxe4 Bxe4 21.
Nxe4 Rfc8 22. Rc1 Nd5 23. Qd2 Bh6 24. Bg3 Ne3 25. Rf2 Rc6 26. g5 Bg7 27. f5 exf5 28.
Bxb8 Qxb8 29. Nf6+ Bxf6 30. gxf6 Qg3+ 31. Kh1 Qxh3+ 32. Rh2 Qf3+ 33. Kg1 Ng4 34. Rg2 Qe3+ 35. Kh1 Rxf6 36. Re1 Qh3+ 37. Kg1 Ne3 38. Rh2 Qg3+ 39. Kh1 f4 40. Qf2 Rc6 41. Re2 Ra6 42. Qxg3 fxg3 43. Rh3 Ra1+ 0-1

[Event "*** Titled Tuesday 3|2 Blitz"]
[Site "Chess.com"]
[Date "2015.04.07"]
[Round "1"]
[White "darkknight123456"]
[Black "guillead1"]
[Result "0-1"]
[WhiteElo "2051"]
[BlackElo "2391"]
[TimeControl "180+2"]
[EndTime "11:08:40 PDT"]
[Termination "guillead1 won by resignation"]

1. e4 g6 2. d4 Bg7 3. Nc3 c6 4. Nf3 d5 5. h3 Nf6 6. Bd3 dxe4 7.
Nxe4 Nxe4 8. Bxe4 Nd7 9. O-O O-O 10. Bg5 Qb6 11. b3 e5 12. Be3 Qa5 13. dxe5 Nxe5 14. Nxe5 Qxe5 15. Qf3 Re8 16. Rad1 Qa5 17. a4 Be6 18.
Bd4 Rad8 19. Bxg7 Kxg7 20. Rxd8 Rxd8 21. Rd1 Rxd1+ 22. Qxd1 Qe5 23. Bf3 a5 24. Qd2 h5 25.
h4 Bg4 26. Bxg4 hxg4 27. g3 b6 28. Qg5 Qe1+ 29. Kg2 Qe4+ 30. Kg1 Qxc2 31. Qxg4 Qxb3 32.
Qd4+ Kh7 33. h5 Qd1+ 34. Kg2 Qxh5 35. Qxb6 Qd5+ 36. f3 Kg7 37. Qb2+ Kh7 38. Qc3 Qa2+ 39. Kh3 Qxa4 40. g4 Qb5 41. Qf6 Qd5 42. Kh4 a4 43. Qc3 Qd8+ 44. Kg3 Qd6+ 45. Kh4 a3 46. Kh3 a2 47.
Qb2 Qd5 48. Kg3 c5 49. Qh2+ Kg7 50. Qb2+ Kf8 51. Qb8+ Ke7 52. Qc7+ Kf6 53. Qf4+ Kg7 54. Qc1 Qe5+ 55. f4 a1=Q 0-1

[Event "*** Titled Tuesday 3|2 Blitz"]
[Site "Chess.com"]
[Date "2015.04.07"]
[Round "1"]
[White "patzerplay"]
[Black "jcibarra"]
[Result "0-1"]
[WhiteElo "2161"]
[BlackElo "2545"]
[TimeControl "180+2"]
[EndTime "11:08:59 PDT"]
[Termination "jcibarra won on time"]

1. e4 c5 2. c3 Nf6 3. e5 Nd5 4. d4 cxd4 5. Nf3 e6 6. cxd4 d6 7. Bc4 Nc6 8. O-O Be7 9. a3 O-O 10. Bd3 Bd7 11. Qe2 Na5 12. Nbd2 Nf4 13. Qe4 Nxd3 14.
Qxd3 Qb6 15. b4 Nc6 16. Nc4 Qc7 17. Ng5 g6 18. exd6 Bxd6 19. b5 Na5 20. Nxd6 Qxd6 21. Ne4 Qe7 22. Bd2 f5 23. Ng3 b6 24. Bb4 Qe8 25. a4 Rf7 26. Rac1 Rc8 27. Ne2 h6 28. Kh1 Kh7 29. Ng1 e5 30. dxe5 Qxe5 31. Rxc8 Bxc8 32. Bc3 Qe8 33. Re1 Qd7 34. Qg3 f4 35. Qf3 Bb7 36. Qe2 f3 37. gxf3 g5 38. Qe5 Kg6 39. h4 Qf5 40. Qd6+ Kh5 41. Re3 Qg4 0-1

[Event "*** Titled Tuesday 3|2 Blitz"]
[Site "Chess.com"]
[Date "2015.04.07"]
[Round "1"]
[White "Mazetovic"]
[Black "alturas_pacificas"]
[Result "1-0"]
[WhiteElo "2448"]
[BlackElo "2107"]
[TimeControl "180+2"]
[EndTime "11:09:02 PDT"]
[Termination "Mazetovic won by resignation"]

1. e4 c6 2. Nf3 d5 3. Nc3 dxe4 4. Nxe4 Bf5 5. Ng3 Bg6 6. Ne5 Nd7 7. Nxg6 hxg6 8. d4 Ngf6 9. c3 e6 10. Bd3 Bd6 11. Qb3 Qc7 12. Be3 Bxg3 13. fxg3 Rxh2 14. O-O-O Rxh1 15. Rxh1 O-O-O 16. Bf4 Qb6 17. Qa3 c5 18. dxc5 Nxc5 19. Bc2 Nd5 20. Bg5 f6 21. Bd2 g5 22. c4 Nc7 23. Be3 N7a6 24. Rd1 Rxd1+ 25. Kxd1 Qc6 26. b4 Ne4 27. b5 Qxc4 28. Bxe4 Qxe4 29. bxa6 bxa6 30. Qxa6+ Qb7 31. Qxb7+ Kxb7 32. Kc2 a6 33. Kb3 g4 34. Kc4 Kc6 35. a4 g6 36. Bd4 e5 37.
Be3 f5 38. Bc5 g5 39. Be7 f4 40. Bxg5 f3 41. gxf3 gxf3 42. Be3 Kd6 43. g4 Ke6 44. g5 Kf5 45. Kd5 f2 46. Bxf2 Kxg5 47. Kc6 Kf6 48.
Kb6 Ke7 49. Kxa6 Kd8 50. Kb7 1-0

[Event "*** Titled Tuesday 3|2 Blitz"]
[Site "Chess.com"]
[Date "2015.04.07"]
[Round "1"]
[White "SCIM"]
[Black "Cryptochess"]
[Result "1-0"]
[WhiteElo "2081"]
[BlackElo "2345"]
[TimeControl "180+2"]
[EndTime "11:09:18 PDT"]
[Termination "SCIM won by resignation"]

1. d4 Nf6 2. c4 e6 3. Nc3 Bb4 4. e3 b6 5. Ne2 Ba6 6. a3 Bxc3+ 7. Nxc3 d5 8. b3 O-O 9. Be2 Nc6 10. O-O dxc4 11.
Bb2 Na5 12. b4 Nb3 13. Rb1 b5 14. a4 c6 15. Bf3 Nd5 16. axb5 cxb5 17. Nxd5 exd5 18.
e4 Bb7 19. e5 Bc8 20. Bc3 Bf5 21. Rb2 Qb6 22. Re1 Rad8 23. h4 a5 24. bxa5 Nxa5 25. Bb4 Rfe8 26. Bc5 Qc6 27. g4 Be4 28. Be2 Nb3 29. Rxb3 cxb3 30. Qxb3 Qh6 31. Qg3 f6 32. f3 Bc2 33. Bxb5 fxe5 34. Bxe8 Rxe8 35. g5 Qa6 36. Rxe5 Qa1+ 37. Kh2 Ra8 38. Qg4 Bg6 39. Re2 Qc3 40. h5 Bf7 41. g6 hxg6 42. hxg6 Qd3 43.
gxf7+ Kh8 44. Qh5+ Qh7 45. Re8+ 1-0

[Event "*** Titled Tuesday 3|2 Blitz"]
[Site "Chess.com"]
[Date "2015.04.07"]
[Round "1"]
[White "HansCoolNiemann"]
[Black "GasconJR"]
[Result "0-1"]
[WhiteElo "1833"]
[BlackElo "2265"]
[TimeControl "180+2"]
[EndTime "11:09:33 PDT"]
[Termination "GasconJR won by checkmate"]

1. d4 Nf6 2. c4 g6 3. Nc3 Bg7 4. e4 d6 5. Nf3 O-O 6. Be2 e5 7.
dxe5 dxe5 8. Qxd8 Rxd8 9. Bg5 Re8 10. O-O-O c6 11. Nxe5 Rxe5 12. Rd8+ Re8 13. Bxf6 Rxd8 14. Bxd8 Be6 15. Bg5 Nd7 16. Kc2 Ne5 17. b3 c5 18.
Nd5 Nc6 19. Bd3 a5 20. Nc7 Ra7 21. Nxe6 fxe6 22. Be3 b6 23. f4 Nb4+ 24. Kd2 Rd7 25. a3 Nxd3 26. Ke2 e5 27. g3 exf4 28. gxf4 Bh6 29.
Rf1 a4 30. bxa4 Nb2 31. a5 bxa5 32. Bxc5 Nxc4 33. e5 Kf7 34. Kf3 Ke6 35. Rc1 Nxe5+ 36. Ke4 Nd3 37. Rc3 Nxf4 38. Be3 g5 39. Rc6+ Rd6 40.
Rc5 Nd5 41. Rxa5 Nxe3 42. Kxe3 g4+ 43. Ke4 Bg7 44. Rh5 h6 45. Rh4 Rd4+ 46. Ke3 Kf5 47. Rh5+ Kg6 48. Ra5 Rd1 49. Ra4 h5 50. Ra5 Ra1 51.
a4 h4 52. Ra6+ Bf6 53. a5 g3 54. hxg3 h3 55. Kf3 h2 56. Ra7 h1=Q+ 57. Ke3 Qg1+ 58. Kd3 Qd4+ 59. Kc2 Ra2+ 60. Kc1 Qd2+ 61. Kb1 Qb2# 0-1

[Event "*** Titled Tuesday 3|2 Blitz"]
[Site "Chess.com"]
[Date "2015.04.07"]
[Round "1"]
[White "tac49"]
[Black "brauliocuarta"]
[Result "1-0"]
[WhiteElo "2363"]
[BlackElo "2020"]
[TimeControl "180+2"]
[EndTime "11:09:46 PDT"]
[Termination "tac49 won by resignation"]

1. e4 c5 2. Nf3 e6 3. g3 d5 4.
exd5 exd5 5. Bg2 Nc6 6. O-O Nf6 7. d4 Be7 8. Nc3 O-O 9. dxc5 Bxc5 10. Bg5 h6 11.
Bxf6 Qxf6 12. Qxd5 Bb6 13. Rad1 Bf5 14. Qb3 Be6 15. Nd5 Bxd5 16. Rxd5 Rfe8 17. Rd2 Rad8 18. Rxd8 Rxd8 19. c3 Rd3 20. Nh4 Rd2 21. Nf3 Rd3 22.
Re1 Rxf3 23. Bxf3 Qxf3 24. Re8+ Kh7 25. Qc2+ g6 26. Qe2 Qf5 27. Kg2 h5 28. Re4 Qd5 29. c4 Qc5 30. Qf3 Kg7 31. a3 f5 32.
Re1 Nd4 33. Qd5 Qxd5+ 34. cxd5 Kf6 35. Re8 Nb5 36. Kf3 Nd6 37. Re6+ Kf7 38. Rxd6 Bc5 39. Re6 b5 40. Ke2 b4 41. a4 g5 42. f3 g4 43.
fxg4 hxg4 44. Ra6 b3 45. Kd3 Ke7 46. Kc4 Bg1 47. Rh6 Kf7 48. Kxb3 Ke7 49. Kc4 Kf7 50. d6 Kg7 51. d7 Bb6 52. Rxb6 1-0

[Event "*** Titled Tuesday 3|2 Blitz"]
[Site "Chess.com"]
[Date "2015.04.07"]
[Round "1"]
[White "eltenedor"]
[Black "chillinx"]
[Result "0-1"]
[WhiteElo "1977"]
[BlackElo "2296"]
[TimeControl "180+2"]
[EndTime "11:10:13 PDT"]
[Termination "chillinx won on time"]

1. c4 d6 2. g3 Nf6 3. Bg2 g6 4. Nc3 Bg7 5. e3 O-O 6. Nge2 e5 7. O-O Nc6 8. d3 Be6 9. Nd5 Qd7 10. Rb1 a5 11. a3 a4 12. Nec3 Nd8 13. Nxf6+ Bxf6 14. f4 Bg7 15. Ne4 exf4 16. Rxf4 Nc6 17. Nf6+ Bxf6 18. Rxf6 d5 19. c5 Bf5 20. Qf1 Rfe8 21. Bd2 Ne5 22. e4 dxe4 23. dxe4 Qxd2 24. exf5 Nf3+ 25. Qxf3 Qd4+ 26. Kh1 Qxf6 27. fxg6 Qxg6 28. Rf1 c6 29. Qc3 Re6 30. h4 Rae8 31. Bh3 Re3 32. Qc4 Rxg3 33.
Bf5 Qg7 34. Qf4 h6 35. Rf2 Re1+ 36. Kh2 Rge3 37. Rg2 R1e2 38. Bh3 Rxg2+ 39. Bxg2 Re8 40. Qg3 Qxg3+ 41. Kxg3 Re5 42. Bf3 Rxc5 43. Bd1 Rb5 44. Bxa4 Rxb2 45. Bd1 Ra2 46. a4 Ra3+ 47. Kf4 Kg7 48.
Ke4 Ra1 49. Bc2 Re1+ 50. Kd3 Rh1 0-1

[Event "*** Titled Tuesday 3|2 Blitz"]
[Site "Chess.com"]
[Date "2015.04.07"]
[Round "1"]
[White "esr44"]
[Black "AnthonyWirig"]
[Result "0-1"]
[WhiteElo "2135"]
[BlackElo "2485"]
[TimeControl "180+2"]
[EndTime "11:10:16 PDT"]
[Termination "AnthonyWirig won by resignation"]

1. d4 Nf6 2. c4 e6 3. Nc3 Bb4 4.
Nf3 d6 5. Bg5 Nbd7 6. Qc2 h6 7.
Bh4 Qe7 8. e3 b6 9. Bd3 Bb7 10.
O-O-O Bxc3 11. Qxc3 g5 12. Bg3 Ne4 13. Qc2 f5 14. Kb1 O-O-O 15. d5 exd5 16. cxd5 Ndc5 17. Bc4 Nxg3 18. hxg3 Qe4 19. Nd4 Qxc2+ 20. Kxc2 Ne4 21. Rhf1 Rdf8 22. Ne6 Rf6 23. b4 g4 24. Rd4 Ng5 25.
Nf4 Re8 26. Kb2 Re4 27. Rfd1 Re7 28. a4 Ne4 29. Rf1 Kb8 30. a5 Ng5 31. a6 Bc8 32. Bb5 Re4 33. Rxe4 Nxe4 34. Kc2 Rf7 35. Kd3 Re7 36.
Ne2 Bd7 37. Bxd7 Rxd7 38. Nd4 Rf7 39. Nc6+ Ka8 40. Nd4 Nf6 41. Nxf5 Nxd5 42. Nxh6 Rg7 43. Kc4 Ne7 44. f3 Kb8 45. Nxg4 c6 46. Rh1 Kc7 47. Rh8 b5+ 48. Kb3 Kb6 49. Re8 Kxa6 50. e4 c5 51. bxc5 dxc5 52. Ne5 Ka5 53. g4 c4+ 54.
Kc3 Ka4 55. Rb8 Ng6 56. Nxg6 Rxg6 57. e5 a5 58. Kd4 Rc6 59. Kd5 Rc7 60. e6 c3 61. Kd6 c2 62. Kxc7 c1=Q+ 63. Kd7 Qd2+ 64. Ke8 Qd6 65. Rd8 Qxe6+ 66. Kf8 b4 67. Re8 Qf6+ 68. Kg8 b3 69. Rf8 Qg6+ 70. Kh8 b2 71. Rf4+ Ka3 72. Rf5 a4 73. f4 b1=Q 74. g3 Qb8+ 0-1